 Dungeon Crawl Stone Soup version 0.26.1-2-gb8aa6d0cf2 (console) character file.

Game seed: 9244823311161965040

336 om the Shield-Bearer (level 6, -3/48 HPs)
             Began as a Formicid Fighter on Feb 16, 2021.
             Killed from afar by Ijyb (17 damage)
             ... with a bolt of acid
             ... on level 3 of the Dungeon.
             The game lasted 00:06:05 (2969 turns).

om the Shield-Bearer (Formicid Fighter)             Turns: 2969, Time: 00:06:05

Health: -3/48      AC: 10    Str: 21    XL:     6   Next: 84%
Magic:  6/6        EV:  7    Int:  8    God:
Gold:   79         SH: 10    Dex: 17    Spells: 5/5 levels left

rFire    . . .     SeeInvis +   a - +0 trident
rCold    . . .     Faith    .   c - +0 kite shield
rNeg     . . .     Spirit   .   n - +0 chain mail
rPois    .         Reflect  .   (helmet unavailable)
rElec    .         Harm     .   (no cloak)
rCorr    .         Rampage  .   (no gloves)
Will     .....                  k - +0 pair of boots
Stlth    ..........             (no amulet)
HPRegen  0.16/turn              l - +6 ring of dexterity
MPRegen  0.10/turn              (no ring)

@: no status effects
A: permanent stasis, dig shafts and tunnels, four strong arms, antennae 3
a: Dig, Shaft Self


You were on level 3 of the Dungeon.
You visited 1 branch of the dungeon, and saw 3 of its levels.

You collected 79 gold pieces.

Inventory:

Hand Weapons
 a - a +0 trident (weapon)
 m - a +0 scythe
Armour
 c - a +0 kite shield (worn)
 k - a +0 pair of boots (worn)
 n - a +0 chain mail (worn)
Jewellery
 l - a +6 ring of dexterity (left hand)
Scrolls
 b - a scroll of teleportation {unknown}
 f - 2 scrolls of remove curse {unknown}
 g - 3 scrolls of enchant weapon {unknown}
 i - a scroll of amnesia
 j - a scroll of fog {unknown}
Potions
 d - 2 potions of might
 e - a potion of curing {unknown}
 h - a potion of heal wounds


   Skills:
 - Level 4.0 Fighting
 * Level 4.4 Polearms
 + Level 4.4 Armour
 + Level 2.1 Dodging
 + Level 4.8 Shields


You had 5 spell levels left.
You didn't know any spells.
Your spell library was empty.

Dungeon Overview and Level Annotations

Branches:
Dungeon (3/15)

Altars:
Vehumet

Annotations:
D:3 Ijyb


Innate Abilities, Weirdness & Mutations

You cannot be hasted, slowed, berserked, paralysed or teleported.
You can dig through walls and to a lower floor.
Your four strong arms can wield two-handed weapons with a shield.
You have a pair of large antennae on your head. (SInv)


Message History

The bat hits you but does no damage.
You closely miss Ijyb.
Ijyb is heavily wounded.
The bat hits you but does no damage. The bat closely misses you.
Ijyb hits you but does no damage.
You hit Ijyb.
Ijyb is heavily wounded.
You block the bat's attack. Ijyb closely misses you.
Ijyb zaps a wand.
The bolt of acid hits you!!
You are splashed with acid!
* * * LOW HITPOINT WARNING * * *
You are too injured to fight recklessly!
You are too injured to fight recklessly!
The bat barely misses you. The bat hits you but does no damage.
The bat hits you but does no damage.
You miss the bat. The bat hits you but does no damage. x2
You hit the bat.
You kill the bat!
You barely miss Ijyb.
Ijyb is heavily wounded.
Ijyb zaps a wand.
The bolt of acid hits you!
You die...

###.# #.# #.####
#....# ####.#
#.# #### #
####.# ...##.#
#..>.# .....
#.#..# ...#
#...##
######...####
##.##
#..@g........
#.#
#.####...#### #
#.#######.# #.##
# #..)......# .#
######.#########
. .............#
##
############.# #
#


You could see Ijyb (resistant).

Vanquished Creatures
  Sigmund (D:3)
  2 orc wizards (D:3)
  Robin (D:2)
  3 adders (D:2)
  2 worms (D:2)
  A dart slug (D:1)
  3 leopard geckos (D:1)
  8 orcs (D:3)
  A ball python (D:1)
  6 bats
  4 giant cockroaches
  7 goblins
  9 hobgoblins
  3 frilled lizards
  9 kobolds
  8 rats
68 creatures vanquished.

Notes
Turn   | Place    | Note
-------+----------+-------------------------------------------
     0 | D:1      | om the Formicid Fighter began the quest for the Orb.
     0 | D:1      | Reached XP level 1. HP: 18/18 MP: 1/1
   147 | D:1      | Reached XP level 2. HP: 18/24 MP: 2/2
   388 | D:1      | Reached XP level 3. HP: 29/29 MP: 3/3
  1505 | D:2      | Reached skill level 1 in Dodging
  1505 | D:2      | Reached XP level 4. HP: 28/36 MP: 4/4
  1909 | D:2      | Found a radiant altar of Vehumet.
  2454 | D:3      | Noticed Sigmund
  2454 | D:3      | Noticed Robin
  2554 | D:2      | Killed Robin
  2555 | D:2      | Reached XP level 5. HP: 40/42 MP: 5/5
  2580 | D:3      | Killed Sigmund
  2581 | D:3      | Reached XP level 6. HP: 44/48 MP: 6/6
  2961 | D:3      | Noticed Ijyb
  2969 | D:3      | Killed from afar by Ijyb

Illustrated notes

Levels and vault maps discovered:
D:1:      psy_arrival_statuary, layout_loops_ring
D:2:      layout_loops_ring, lemuel_crystal_altar, corexii_leaking_fountain
D:3:      layout_loops_ring, hangedman_decor_opposing, uniq_ijyb, uniq_sigmund,
          uniq_natasha, uniq_robin

Skill      XL: |  1  2  3  4  5  6 |
---------------+-------------------+-----
Shields        | 4 |  4.8
Dodging        | 1 2 |  2.1
Polearms       | 3 4 |  4.4
Fighting       | 4 |  4.0
Armour         | 4 |  4.4

Action                   |  1- 3 |  4- 6 || total
-------------------------+-------+-------++-------
Melee: Trident           |   112 |   150 ||   262
       Scythe            |       |     6 ||     6
 Abil: Dig               |       |     1 ||     1
  Use: Scroll            |       |     4 ||     4
       Potion            |       |     1 ||     1
Armor: Scale mail        |    31 |     5 ||    36
       Chain mail        |       |    59 ||    59
Dodge: Dodged            |    31 |    33 ||    64
Block: Kite shield       |    52 |    80 ||   132
